 Dungeon Crawl Stone Soup version 0.23-a0-435-g79ed067 (webtiles) character file.

5082 Xak the Grappler (level 10, -13/81 HPs)
             Began as a Troll Venom Mage on Nov 15, 2018.
             Was a Believer of Cheibriados.
             Mangled by Snorg (16 damage)
             ... on level 10 of the Dungeon.
             The game lasted 00:20:42 (8713 turns).

Xak the Grappler (Troll Venom Mage)                 Turns: 8713, Time: 00:20:43

Health: -13/81     AC: 12    Str: 25 (27) XL:     10   Next: 31%
Magic:  6/11       EV:  7    Int: 15 (17) God:    Cheibriados [**....]
Gold:   302        SH:  8    Dex: 13 (16) Spells: 9/12 levels left

rFire    . . .     SeeInvis .     - Unarmed
rCold    . . .     Gourm    +   P - +0 shield
rNeg     . . .     Faith    .   a - +0 robe
rPois    .         Spirit   .   (helmet restricted)
rElec    .         Reflect  .   h - scarf {repulsion}
rCorr    .         Harm     .   (gloves unavailable)
MR       .....                  (boots unavailable)
Stlth    ++........             (no amulet)
HPRegen  0.63/turn              i - +5 ring of protection
MPRegen  0.12/turn              F - +2 ring of protection

@: repel missiles, very slow
A: large, unfitting armour, claws 3, fast metabolism 3, gourmand, regeneration
1, shaggy fur 1, tough skin 2
a: Bend Time, Renounce Religion


You were on level 10 of the Dungeon.
You worshipped Cheibriados.
Cheibriados was pleased with you.
You were very full.

You visited 2 branches of the dungeon, and saw 11 of its levels.

You collected 568 gold pieces.
You spent 266 gold pieces at shops.

Inventory:

Hand Weapons
 k - a +0 spear
 s - a +1 trident of flaming
 y - the +2 dagger "Luhosoiss" {elec, rC+ MR- Stlth+}
   (You bought it in a shop on level 6 of the Dungeon)

   Occasionally, upon striking a foe, it will discharge some electrical energy
   and cause terrible harm.
   It protects you from cold.
   It affects your resistance to hostile enchantments.
   It makes you more stealthy.
 O - a +0 trident
Missiles
 r - 3 needles of sleeping
 v - 5 tomahawks of returning (quivered)
 G - 7 curare-tipped needles
 J - 7 poisoned needles
Armour
 a - a +0 robe (worn)
 h - a scarf of repulsion (worn)
 P - a +0 shield (worn)
Jewellery
 i - a +5 ring of protection (left claw)
 u - an uncursed ring of protection from cold
 F - a +2 ring of protection (right claw)
Wands
 t - a wand of flame (17)
 w - a wand of iceblast (5)
 L - a wand of acid (6)
 M - a wand of polymorph (9)
Scrolls
 b - 13 scrolls of identify
 f - 8 scrolls of remove curse
 g - 3 scrolls of enchant armour {unknown}
 j - 5 scrolls of magic mapping
 l - 2 scrolls of blinking {unknown}
 o - 3 scrolls of amnesia
 q - 3 scrolls of teleportation
 x - a scroll of enchant weapon {unknown}
 A - a scroll of fog {unknown}
 B - a scroll of silence {unknown}
 C - a scroll of immolation {unknown}
 K - a scroll of random uselessness {unknown}
 Q - a scroll of vulnerability {unknown}
Potions
 d - a potion of haste
 e - a potion of degeneration
 m - 5 potions of curing
 n - a potion of might {unknown}
 p - a potion of agility {unknown}
 z - a potion of resistance {unknown}
 D - a potion of ambrosia {unknown}
 E - 3 potions of heal wounds {unknown}
 H - a potion of brilliance {unknown}
 I - a potion of lignification {unknown}
Comestibles
 c - 25 rations
 N - 5 chunks of flesh


   Skills:
 - Level 1.5 Dodging
 - Level 1.0 Stealth
 * Level 1.5 Shields
 + Level 12.6 Unarmed Combat
 - Level 1.9 Spellcasting
 - Level 0.6 Conjurations
 - Level 2.7 Air Magic
 - Level 4.4 Poison Magic
 * Level 2.5 Invocations


You had 9 spell levels left.
You knew the following spells:

 Your Spells              Type           Power        Failure   Level  Hunger
a - Sting                 Conj/Pois      #...         36%         1    ##.....
b - Poisonous Vapours     Pois/Air       ##....       36%         2    ###....

Your spell library contained the following spells:

 Spells                   Type           Power        Failure   Level  Hunger
 Animate Skeleton         Necr           N/A          75%         1    ##.....
 Apportation              Tloc           #.....       75%         1    ##.....
 Confusing Touch          Hex            #.....       75%         1    ##.....
 Freeze                   Ice            #...         75%         1    ##.....
 Summon Small Mammal      Summ           #...         75%         1    ##.....
 Mephitic Cloud           Conj/Pois/Air  #.......     75%         3    ####...
 Throw Frost              Conj/Ice       #.....       83%         2    ###....
 Olgreb's Toxic Radiance  Pois           ##......     87%         4    #####..
 Ozocubu's Armour         Chrm/Ice       #.......     98%         3    ####...
 Summon Ice Beast         Ice/Summ       #.......     100%        4    #####..
 Throw Icicle             Conj/Ice       #.......     100%        4    #####..
 Venom Bolt               Conj/Pois      #.........   100%        5    ######.


Dungeon Overview and Level Annotations

Branches:
Dungeon (10/15)            Temple (1/1) D:4             Orc (0/2) D:9
   Lair: D:8-11

Altars:
Ashenzari
Cheibriados
Dithmenos
Elyvilon
Fedhas
Gozag
Hepliaklqana
Kikubaaqudgha
Makhleb
Nemelex Xobeh
Okawaru
Qazlal
Ru
Sif Muna
Trog
Uskayaw
Vehumet
Wu Jian
Xom
Yredelemnul
Zin
The Shining One

Shops:
D:6 (   D:7 [=?:

Annotations:
D:5 exclusion: downstairs
D:6 1 runed door, exclusion: downstairs
D:7 3 runed doors, SaintRoka's ghost, novice HOFE
D:9 exclusion: downstairs
D:10 Snorg


Innate Abilities, Weirdness & Mutations

You are too large for most types of armour.
You have claws for hands.
Your metabolism is lightning-fast.
You like to eat raw meat.
Your natural rate of healing is unusually fast.
You are covered in fur. (AC +1)
You have very tough skin. (AC +2)


Message History

Snorg claws you but does no damage.
Evoke which item? (* to show all) (? for menu, Esc to quit)
Aiming: Corrosive Bolt
Press: ? - help, Shift-Dir - straight line, f/p - Snorg
Aim: Snorg (heavily wounded, berserk, fast+slow, unusually strong, covered in The bolt of acid hits Snorg.
Snorg is splashed with acid.
The acid corrodes Snorg!
Snorg is severely wounded.
You block Snorg's attack. Snorg claws you.
* * * LOW HITPOINT WARNING * * *
Snorg claws you but does no damage.
You claw Snorg!
Snorg is severely wounded.
Snorg barely misses you. Snorg closely misses you. You block Snorg's attack.
You closely miss Snorg.
Snorg is severely wounded.
Snorg bites you!
* * * LOW HITPOINT WARNING * * *
Snorg claws you!
You die...

#########
........#######
..............#
#################T##
................@..#
#################..#
.......... #).#
..######## #..#
..#<..# #..# #.###.#
#..# ......# ...#
####### ##.# .......
.#


You could see Snorg (berserk).

Vanquished Creatures
  A two-headed ogre (D:8)
  2 hippogriffs
  A spriggan (D:8)
  A steam dragon (D:10)
  3 orc warriors
  An ice beast (D:4)
  2 sky beasts
  3 ogres
  2 phantoms
  A black bear (D:6)
  3 centaurs
  2 big kobolds
  7 bullfrogs
  2 gnoll sergeants
  2 scorpions
  2 killer bees (D:9)
  5 wights (D:7)
  3 howler monkeys (D:8)
  A bullfrog zombie (D:9)
  A centaur zombie (D:7)
  5 crimson imps
  A bullfrog skeleton (D:4)
  3 hounds
  6 orc wizards
  An iguana (D:10)
  3 orc priests
  Ijyb (D:4)
  10 worker ants
  2 hound skeletons
  A worker ant zombie (D:8)
  9 gnolls
  12 adders
  3 shadow imps
  An adder zombie (D:7)
  An adder skeleton (D:4)
  3 worms
  3 dart slugs
  7 leopard geckos
  21 orcs
  4 bats
  10 giant cockroaches
  8 goblins
  13 hobgoblins
  11 jackals
  2 quokkas
  7 frilled lizards
  16 kobolds
  A leopard gecko skeleton (D:6)
  7 rats
  A butterfly (D:4)
218 creatures vanquished.

Vanquished Creatures (others)
  9 fungi (D:10)
  2 plants (D:10)
11 creatures vanquished.

Grand Total: 229 creatures vanquished

Notes
Turn   | Place    | Note
-------+----------+-------------------------------------------
     0 | D:1      | Xak the Troll Venom Mage began the quest for the Orb.
     0 | D:1      | Reached XP level 1. HP: 16/16 MP: 1/1
   266 | D:1      | Reached XP level 2. HP: 24/24 MP: 3/3
   355 | D:1      | Reached skill level 1 in Unarmed Combat
   686 | D:2      | Reached XP level 3. HP: 30/31 MP: 4/4
   892 | D:2      | Reached skill level 2 in Unarmed Combat
   970 | D:2      | Found a glowing golden altar of the Shining One.
  1015 | D:2      | Reached XP level 4. HP: 39/39 MP: 5/5
  1305 | D:3      | Noticed a phantom
  1436 | D:3      | Found a glowing golden altar of the Shining One.
  1436 | D:3      | Found a hide-covered altar of Uskayaw.
  1502 | D:3      | Found a faded altar of an unknown god.
  1563 | D:3      | Reached skill level 3 in Unarmed Combat
  1849 | D:3      | Learned a level 2 spell: Poisonous Vapours
  1916 | D:4      | Noticed Ijyb
  1941 | D:4      | Killed Ijyb
  1941 | D:4      | Reached XP level 5. HP: 37/45 MP: 6/6
  2088 | D:4      | Reached skill level 4 in Unarmed Combat
  2260 | D:4      | Noticed an ice beast
  2274 | D:4      | Killed an ice beast
  2274 | D:4      | Reached XP level 6. HP: 39/53 MP: 7/7
  2324 | D:4      | Reached skill level 5 in Unarmed Combat
  2496 | D:4      | Found a staircase to the Ecumenical Temple.
  2601 | Temple   | Entered the Ecumenical Temple
  2670 | Temple   | Became a worshipper of Cheibriados the Contemplative
  2810 | D:5      | Entered Level 5 of the Dungeon
  3051 | D:5      | Found a shattered altar of Ashenzari.
  3386 | D:5      | Noticed a sky beast
  3391 | D:5      | Killed a sky beast
  3391 | D:5      | Reached skill level 6 in Unarmed Combat
  3391 | D:5      | Reached XP level 7. HP: 52/59 MP: 8/8
  4013 | D:6      | Reached * piety under Cheibriados
  4013 | D:6      | Reached skill level 1 in Air Magic
  4022 | D:6      | Found Ycsot's Antique Weapon Emporium.
  4047 | D:6      | Bought a steaming dagger for 217 gold pieces
  4047 | D:6      | Identified the cursed +2 dagger "Luhosoiss" {elec, rC+ MR-
                  | Stlth+} (You bought it in a shop on level 6 of the Dungeon)
  4204 | D:6      | Reached skill level 7 in Unarmed Combat
  4480 | D:6      | Reached XP level 8. HP: 67/67 MP: 9/9
  4529 | D:6      | Reached skill level 8 in Unarmed Combat
  4598 | D:6      | Found a glowing golden altar of the Shining One.
  4598 | D:6      | Noticed an angel
  4599 | D:6      | Found a runed door.
  4785 | D:7      | Reached ** piety under Cheibriados
  4786 | D:7      | Found Elaumy's Magic Scroll Shop.
  4808 | D:7      | Bought a scroll of magic mapping for 49 gold pieces
  4893 | D:7      | Reached skill level 9 in Unarmed Combat
  4934 | D:7      | Was placed under penance by Cheibriados
  5474 | D:7      | Was forgiven by Cheibriados
  5565 | D:7      | Found Jeiset's Jewellery Shoppe.
  5636 | D:7      | Reached skill level 10 in Unarmed Combat
  5636 | D:7      | Reached XP level 9. HP: 71/74 MP: 10/10
  5691 | D:7      | Found Piemot's Book Emporium.
  5843 | D:7      | Found a stormy altar of Qazlal.
  5844 | D:7      | Found a deep blue altar of Sif Muna.
  5966 | D:7      | Found a runed gate.
  5968 | D:7      | Found a runed gate.
  5968 | D:7      | Found a runed gate.
  5969 | D:7      | Noticed SaintRoka's ghost (novice HOFE)
  6095 | D:7      | Found Iruwaf's Armour Shop.
  6253 | D:8      | Found a sacrificial altar of Ru.
  6323 | D:8      | Found a shadowy altar of Dithmenos.
  6416 | D:8      | Noticed a two-headed ogre
  6426 | D:8      | Was placed under penance by Cheibriados
  6467 | D:8      | Killed a two-headed ogre
  6467 | D:8      | Reached skill level 11 in Unarmed Combat
  6467 | D:8      | Reached skill level 1 in Invocations
  6746 | D:8      | Was forgiven by Cheibriados
  7276 | D:9      | Reached skill level 12 in Unarmed Combat
  7355 | D:9      | Reached XP level 10. HP: 81/81 MP: 11/11
  7613 | D:9      | Found a staircase to the Orcish Mines.
  8170 | D:9      | Reached skill level 1 in Shields
  8206 | D:10     | Entered Level 10 of the Dungeon
  8640 | D:10     | Reached *** piety under Cheibriados
  8698 | D:10     | Noticed Snorg
  8713 | D:10     | HP: 3/81 [Snorg (9)]
  8713 | D:10     | Mangled by Snorg

Vault maps used:
D:1:      dpeg_arrival_concentric_ovals, minmay_tromino_i4
D:2:      first_ration, tso_metal_star
D:3:      gammafunk_temple_overflow_pools, chequers_ecumenical_altar_simple,
          fountainhead
D:4:      minmay_temple_entry_butterflies, kennysheep_minor_cross, uniq_ijyb
D:5:      old_standard_altar
D:6:      serial_shops, shop, serial_park_tiny_2, lemuel_angel_altar
D:7:      gammafunk_temple_overflow_statue, gammafunk_ghost_necromancy,
          serial_shops, shop, shop, shop_statue, kennysheep_mini
D:8:      grunt_dithmenos_smoke_and_mirrors, the_bakery,
          nicolae_ru_sacrificial_ziggurat
D:9:      orc_0_dummy, hangedman_decor_riveting
D:10:     cheibrodos_orc_bank, grunt_lair_entry_orc_guard_hut, uniq_snorg
Temple:   kb_temple_of_zot

Skill      XL: |  1  2  3  4  5  6  7  8  9 10 |
---------------+-------------------------------+-----
Unarmed Combat | 1 2 3 4 6 7 10 12 | 12.6
Poison Magic   | 3 4 |  4.4
Air Magic      | 1 2 |  2.7
Invocations    | 1 2 |  2.5
Shields        | 1 |  1.5
Dodging        | |  1.5
Stealth        | |  1.0
Spellcasting   | |  1.9
Conjurations   | |  0.6

Action                   |  1- 3 |  4- 6 |  7- 9 | 10-12 || total
-------------------------+-------+-------+-------+-------++-------
Melee: Unarmed           |   128 |   219 |   346 |    99 ||   792
       Punch             |     1 |     2 |    13 |     2 ||    18
 Cast: Poisonous Vapours |       |       |     5 |     5 ||    10
Invok: Bend Time         |       |       |     4 |     2 ||     6
Evoke: Wand              |       |       |       |     3 ||     3
  Use: Scroll            |       |       |     5 |       ||     5
       Potion            |       |       |     3 |     1 ||     4
 Stab: Sleeping          |     1 |     5 |    10 |     1 ||    17
  Eat: Chunk             |    15 |    20 |    31 |     9 ||    75
Armor: Robe              |    51 |   115 |   141 |    51 ||   358
Dodge: Dodged            |    80 |   114 |   165 |    34 ||   393
       Deflected         |       |     2 |    11 |     1 ||    14
Block: Shield            |       |       |       |    49 ||    49

Table legend:
 A = Non-vault XP
 B = Vault XP
 C = Vault XP percentage of total XP
 D = Non-vault monster count
 E = Vault monster count
 F = Vault count percentage of total count
                 A         B        C        D         E       F
            +---------+---------+-------+---------+---------+-------
      Total |    7007 |     254 |   3.5 |     212 |       5 |   2.3
            +---------+---------+-------+---------+---------+-------
        D:1 |      31 |       3 |   8.8 |      15 |       3 |  16.7
        D:2 |      92 |       0 |   0.0 |      30 |       0 |   0.0
        D:3 |      67 |       0 |   0.0 |      17 |       0 |   0.0
        D:4 |     253 |      36 |  12.5 |      12 |       1 |   7.7
        D:5 |     294 |       0 |   0.0 |      12 |       0 |   0.0
        D:6 |     945 |       0 |   0.0 |      29 |       0 |   0.0
        D:7 |    1272 |       0 |   0.0 |      32 |       0 |   0.0
        D:8 |    2003 |     215 |   9.7 |      32 |       1 |   3.0
        D:9 |    1442 |       0 |   0.0 |      24 |       0 |   0.0
       D:10 |     608 |       0 |   0.0 |       9 |       0 |   0.0
            +---------+---------+-------+---------+---------+-------
